 Dungeon Crawl Stone Soup version 0.31-a0-971-g75a2e9a4b4 (webtiles) character file.

Game seed: 3756966877703294858

9652 IdlyInterested the Mimic (level 11, -5/75 HPs)
             Began as a Demonspawn Shapeshifter on Oct 28, 2023.
             Slain by Snorg (14 damage)
             ... on level 10 of the Dungeon.
             The game lasted 00:34:36 (8562 turns).

IdlyInterested the Mimic (Demonspawn Shapeshifter)  Turns: 8562, Time: 00:34:38

Health: -5/75      AC: 10    Str: 15    XL:     11   Next: 25%
Magic:  14/14      EV: 14    Int: 13    God:
Gold:   1239       SH:  0    Dex: 15    Spells: 14/14 levels left

rFire   + +          .
                       - Unarmed
rCold   x x .        (shield currently unavailable)
rNeg    . . .        E - +3 salamander hide armour {Flames, rFlCloud rF++ rC--}
rPois   .            (helmet restricted)
rElec   .            (no cloak)
rCorr   +            (no gloves)
SInv    .            (no boots)
Will    .....        p - amulet of regeneration
Stlth   +            o - ring of resist corrosion
HPRegen 1.12/turn    i - +4 ring of protection
MPRegen 0.14/turn

%: no passive effects
@: flux-form, glowing
A: glow, contaminating, antennae 1, hooves 1, spiny 1, demonic magic 3, demonic
touch 1
a: Begin Untransformation


You were on level 10 of the Dungeon.
You were something dangerously unstable.
You visited 2 branches of the dungeon, and saw 11 of its levels.
You also visited: Bailey.

You collected 1239 gold pieces.

Inventory:

Hand Weapons
 l - a +0 dagger of flaming
 y - a +1 rapier
 G - a +0 dagger of venom
 H - a +1 short sword of draining
 L - a +4 short sword
Missiles
 e - 90 stones (quivered)
 r - 3 curare-tipped darts
 u - 27 javelins
 A - a boomerang
 D - 44 poisoned darts
Armour
 E - the +3 salamander hide armour (worn) {Flames, rFlCloud rF++ rC--}
   (You found it in a bailey)

   Flames:    It surrounds you with flame clouds and enhances your fire magic.
   rFlCloud:  It grants immunity to flame clouds.
   rF++:      It greatly protects you from fire.
   rC--:      It makes you very vulnerable to cold.
 I - a +3 scale mail of cold resistance
 J - a +0 troll leather armour
Jewellery
 h - an amulet of magic regeneration
 i - a +4 ring of protection (right hand)
 o - a ring of resist corrosion (left hand)
 p - an amulet of regeneration (around neck)
Talismans
 c - a beast talisman
 d - a flux talisman (active)
Wands
 B - a wand of digging (13)
 M - a wand of flame (32)
Scrolls
 a - a scroll of immolation
 f - 2 scrolls of fog
 j - a scroll of fear
 k - 4 scrolls of brand weapon
 F - 5 scrolls of enchant armour
 K - a scroll of amnesia
 N - a scroll of revelation
Potions
 b - 2 potions of lignification
 g - 4 potions of heal wounds
 m - 3 potions of berserk rage
 n - a potion of brilliance
 q - a potion of mutation
 s - a potion of haste {unknown}
 t - a potion of might
 v - 2 potions of magic
 x - a potion of enlightenment
 C - 2 potions of cancellation
 O - a potion of attraction
Miscellaneous
 z - a box of beasts (inert)


   Skills:
 - Level 3.0 Fighting
 - Level 2.0 Short Blades
 - Level 1.0 Throwing
 - Level 1.0 Armour
 + Level 6.2 Dodging
 - Level 3.0 Stealth
 - Level 4.0 Unarmed Combat
 - Level 2.0 Spellcasting
 - Level 2.0 Evocations
 * Level 12.7 Shapeshifting


You had 14 spell levels left.
You didn't know any spells.
Your spell library contained the following spells:

 Spells                   Type           Power      Damage    Failure   Level
 Stone Arrow              Conj/Erth      2%         3d7       67%         3
 Summon Guardian Golem    Hex/Summ       1%         N/A       67%         3
 Anguish                  Hex/Necr       0%         N/A       97%         4
 Animate Armour           Summ/Erth      2%         N/A       97%         4
 Cause Fear               Hex            0%         N/A       97%         4
 Enfeeble                 Hex            0%         N/A       100%        7
 Orb of Destruction       Conj           0%         9d5       100%        7
 Spellforged Servitor     Conj/Summ      0%         N/A       100%        7
 Lehudib's Crystal Spear  Conj/Erth      0%         10d2      100%        8


Dungeon Overview and Level Annotations

Branches:
Dungeon (10/15)            Temple (1/1) D:5          Bailey (visited)
   Lair: D:8-11         Orc: D:9-12

Altars:
Ashenzari
Cheibriados
Dithmenos
Hepliaklqana
Kikubaaqudgha
Makhleb
Nemelex Xobeh
Qazlal
Ru
Sif Muna
Trog
Uskayaw
Vehumet
Wu Jian
Xom
Yredelemnul

Shops:
D:2 (   D:7 (

Annotations:
D:10 Snorg


Innate Abilities, Weirdness & Mutations

You are something dangerously unstable.
You glow with magical radiation, making you easy to see and hit.
Foes you strike become dangerously contaminated with magical radiation.
You are incapable of wielding weapons or throwing items.
You have a pair of small antennae on your head.
You have large cloven feet.
You are partially covered in sharp spines.
Spells you cast and wands you use may paralyse nearby enemies.
Your touch may inflict minor irresistible damage on your foes.


Message History

The two-headed ogre hits you with a +0 giant club!
The two-headed ogre hits you with a +0 giant club!!
Your Dodging skill increases to level 6!
You hit the two-headed ogre.
The two-headed ogre begins to glow.
You kick the two-headed ogre.
You touch the two-headed ogre!
The two-headed ogre is heavily wounded.
The yak is engulfed in blazing flames.
You kill the yak!
The two-headed ogre is engulfed in blazing flames.
The two-headed ogre is struck by your spines.
The two-headed ogre hits you with a +0 giant club!!
* * * LOW HITPOINT WARNING * * *
The two-headed ogre hits you with a +0 giant club!
* * * LOW HITPOINT WARNING * * *
You hit the two-headed ogre.
The two-headed ogre glows dangerously bright.
You kick the two-headed ogre.
The two-headed ogre is almost dead.
You hit the two-headed ogre but do no damage.
The two-headed ogre shudders as magic cascades through it!!
You kill the two-headed ogre!
You feel better.
You can't do that in your present form.
Unknown command.
You open the lid... ...and a larval oxbat beast flies out!
The box is emptied!
Snorg is engulfed in a cloud of scalding steam.
Snorg goes berserk!
Aiming: Throw Flame
Press: ? - help, Shift-Dir - straight line, f - Snorg
Aim: Snorg (lightly wounded, berserk, ally target, 71% to hit)
The puff of flame hits Snorg!
Snorg is lightly wounded.
Malevolent energies surge around you.
You hit Snorg.
Snorg begins to glow.
You touch Snorg.
Snorg is lightly wounded.
Snorg is engulfed in blazing flames.
Snorg bites you but does no damage. Snorg claws you!
* * * LOW HITPOINT WARNING * * *
Snorg claws you!
You die...

.#.######### #.#.#
...# .#.## ...# #.#.#
....# .#.## #####....
#.#.# ##~~~#... .#.##
##~~.§~# #.#.#
####~~○T°~## #.###
#..'..☼p§H~+ #..#
###.##~~○°°~.# ##.##
#....##~§.~~~#
#..####.....##~~~##.#
##...........##### .#
##.########### #
##..# ##.## _#.#


You could see Snorg (berserk, contam, ally target) and a friendly larval oxbat
beast (summoned).

Vanquished Creatures
  A two-headed ogre (D:10)
  A troll (D:9)
  A shadow (D:10)
  16 yaks
  2 wyverns (D:7)
  2 water moccasins
  Duvessa (D:6)
  3 ice beasts
  8 orc warriors (Bailey)
  A black bear (D:7)
  A sky beast (D:7)
  4 ogres
  14 centaurs
  3 phantoms (D:4)
  6 kobold brigands
  3 scorpions (D:4)
  6 bullfrogs
  10 wights
  Dowan (D:6)
  12 killer bees
  An electric eel (D:6)
  3 howler monkeys
  2 hounds (D:7)
  3 jellies
  An iron imp (D:8)
  2 sleepcaps
  6 iguanas
  2 orc wizards (D:9)
  Robin (D:4)
  10 adders
  2 shadow imps (D:6)
  2 white imps
  2 ufetubi (D:6)
  3 dart slugs
  26 orcs
  8 ball pythons
  6 endoplasms
  6 giant cockroaches
  10 goblins
  15 hobgoblins
  2 jackals (D:3)
  4 quokkas
  2 bats
  4 frilled lizards
  36 kobolds
  6 rats
  A butterfly (D:5)
262 creatures vanquished.

Notes
Turn   | Place    | Note
-------+----------+-------------------------------------------
     0 | D:1      | IdlyInterested the Demonspawn Shapeshifter began the quest
                  | for the Orb.
     0 | D:1      | Reached XP level 1. HP: 15/15 MP: 1/1
   420 | D:1      | Reached skill level 3 in Shapeshifting
   472 | D:1      | Discovered your monstrous ancestry.
   472 | D:1      | Gained mutation: Your touch may inflict minor irresistible
                  | damage on your foes. [demonic ancestry]
   472 | D:1      | Reached XP level 2. HP: 15/21 MP: 2/2
   964 | D:1      | Reached skill level 1 in Armour
  1271 | D:2      | Found Foes's Weapon Boutique.
  1423 | D:2      | Gained mutation: Spells you cast may paralyse adjacent
                  | enemies. [demonic ancestry]
  1423 | D:2      | Reached XP level 3. HP: 16/26 MP: 3/3
  1427 | D:2      | Reached skill level 1 in Stealth
  1867 | D:3      | Reached skill level 4 in Shapeshifting
  1867 | D:3      | Gained mutation: You have large cloven feet. [demonic
                  | ancestry]
  1867 | D:3      | Reached XP level 4. HP: 19/32 MP: 4/4
  1948 | D:3      | Found a faded altar of an unknown god.
  2351 | D:3      | Found a basalt altar of Yredelemnul.
  2354 | D:3      | Found a burning altar of Makhleb.
  2489 | D:4      | Noticed a scorpion
  2496 | D:4      | Killed a scorpion
  2497 | D:4      | Reached skill level 1 in Throwing
  2497 | D:4      | Gained mutation: Spells you cast may paralyse nearby
                  | enemies. [demonic ancestry]
  2497 | D:4      | Reached XP level 5. HP: 37/37 MP: 5/5
  2539 | D:4      | Reached skill level 1 in Evocations
  2539 | D:4      | Reached skill level 5 in Shapeshifting
  2726 | D:4      | Noticed a phantom
  2734 | D:4      | Reached XP level 6. HP: 43/43 MP: 6/6
  2819 | D:4      | Reached skill level 1 in Spellcasting
  2907 | D:4      | Found a stormy altar of Qazlal.
  3070 | D:4      | Reached skill level 6 in Shapeshifting
  3234 | D:4      | Gained mutation: You have a pair of small antennae on your
                  | head. [demonic ancestry]
  3234 | D:4      | Reached XP level 7. HP: 11/48 MP: 8/8
  3374 | D:4      | Noticed Robin
  3400 | D:4      | Killed Robin
  3722 | D:5      | Entered Level 5 of the Dungeon
  4221 | D:5      | Found a staircase to the Ecumenical Temple.
  4227 | Temple   | Entered the Ecumenical Temple
  4242 | D:5      | Found a shadowy altar of Dithmenos.
  4281 | D:5      | Reached skill level 7 in Shapeshifting
  4522 | D:5      | Reached XP level 8. HP: 43/54 MP: 9/9
  4650 | D:6      | Noticed Dowan
  4650 | D:6      | Noticed Duvessa
  4673 | D:6      | Killed Duvessa
  4686 | D:6      | Killed Dowan
  4740 | D:6      | Reached skill level 8 in Shapeshifting
  4806 | D:6      | You fall into a shaft and drop 3 floors!
  4826 | D:9      | Found a hide-covered altar of Uskayaw.
  4867 | D:9      | Found a shimmering blue altar of Sif Muna.
  4896 | D:9      | Noticed a troll
  4924 | D:9      | Killed a troll
  4933 | D:9      | Gained mutation: You are partially covered in sharp spines.
                  | [demonic ancestry]
  4933 | D:9      | Reached XP level 9. HP: 41/59 MP: 10/10
  5096 | D:7      | Reached skill level 9 in Shapeshifting
  5150 | D:7      | Found Jommael's Weapon Boutique.
  5227 | D:7      | Found a flagged portal.
  5239 | Bailey   | Entered a bailey
  5628 | Bailey   | Reached skill level 10 in Shapeshifting
  5660 | Bailey   | Found the +3 salamander hide armour {Flames, rFlCloud rF++
                  | rC--}
  5771 | Bailey   | Reached skill level 1 in Short Blades
  5879 | Bailey   | Reached XP level 10. HP: 58/70 MP: 11/11
  6203 | D:6      | Found an ornate altar of the Wu Jian Council.
  6715 | D:7      | Found a radiant altar of Vehumet.
  6734 | D:7      | Found a bloodstained altar of Trog.
  6837 | D:7      | Reached skill level 11 in Shapeshifting
  7086 | D:7      | Found a broken altar of Ashenzari.
  7361 | D:8      | Found a hazy altar of Hepliaklqana.
  7406 | D:8      | Reached skill level 5 in Dodging
  7453 | D:8      | Found a snail-covered altar of Cheibriados.
  7507 | D:8      | Found a sacrificial altar of Ru.
  7520 | D:8      | Found an ancient bone altar of Kikubaaqudgha.
  7539 | D:8      | Reached skill level 12 in Shapeshifting
  8403 | D:9      | Gained mutation: Spells you cast and wands you use may
                  | paralyse nearby enemies. [demonic ancestry]
  8403 | D:9      | Reached XP level 11. HP: 68/75 MP: 14/14
  8464 | D:10     | Entered Level 10 of the Dungeon
  8508 | D:10     | Found a sparkling altar of Nemelex Xobeh.
  8549 | D:10     | Noticed a two-headed ogre
  8555 | D:10     | Noticed Snorg
  8558 | D:10     | Killed a two-headed ogre
  8562 | D:10     | Slain by Snorg

Illustrated notes

Levels and vault maps discovered:
D:1:      dpeg_arrival_castle, layout_basic, minmay_door_square, nrook_campfire,
          hangedman_feature_mirror
D:2:      layout_rooms, serial_shops, shop, minmay_heptomino_l4
D:3:      layout_basic, nicolae_overflow_squiral,
          shapermc_ecumenical_altar_starsandcircs
D:4:      layout_loops_ring, mainiacjoe_overflow_alcove_1,
          nicolae_qazlal_eye_of_the_storm, minmay_pentomino_pile, uniq_robin
D:5:      layout_cave_pools, nicolae_dithmenos_through_a_glass_darkly,
          minmay_temple_entry_butterflies
D:6:      layout_basic, lemuel_round_altar, serial_bayou_pond_c,
          grunt_decor_resistance, kennysheep_generic_room_6, uniq_duvessa
D:7:      minmay_polygon_palace, layout_basic, ashenzari_altar_1,
          mainiacjoe_overflow_small_starburst, lemuel_crystal_altar,
          enter_bailey_4, serial_shops, nicolae_shop_tiny_waterfront,
          due_unseen_surprise
D:8:      layout_basic, minitemple, slow_altar_1
D:9:      layout_basic, mainiacjoe_overflow_boulevard,
          mainiacjoe_overflow_cross_hatched, mainiacjoe_overflow_paths
D:10:     layout_basic, fedhas_altar_3, kennysheep_mini_moat,
          mainiacjoe_overflow_surrounded_room, nicolae_overflow_hidden_temple,
          minivault_23, kennysheep_small_circle, uniq_snorg
Temple:   ebering_the_one_and_only

Skill      XL: |  1  2  3  4  5  6  7  8  9 10 11 |
---------------+----------------------------------+-----
Shapeshifting  | 3 4 5 6 7 8 10 12 | 12.7
Armour         | 1 |  1.0
Stealth        | 1 3 |  3.0
Throwing       | 1 |  1.0
Evocations     | 1 2 |  2.0
Spellcasting   | 1 2 |  2.0
Dodging        | 2 3 4 5 6 |  6.2
Unarmed Combat | 4 |  4.0
Fighting       | 3 |  3.0
Short Blades   | 1 2 |  2.0

Action                     |  1- 3 |  4- 6 |  7- 9 | 10-12 || total
---------------------------+-------+-------+-------+-------++-------
  Melee: Unarmed           |    98 |    97 |   294 |    79 ||   568
         Touch             |    12 |    12 |    80 |    20 ||   124
         Kick              |       |    26 |    18 |    33 ||    77
         Punch             |       |     2 |     2 |       ||     4
  Throw: Stone             |     9 |     3 |     1 |       ||    13
         Dart              |       |     2 |     6 |       ||     8
  Evoke: Wand              |       |       |       |     2 ||     2
         Box of beasts     |       |       |       |     1 ||     1
    Use: Scroll            |       |     2 |    11 |     7 ||    20
         Potion            |       |     2 |     7 |     1 ||    10
 Armour: Animal skin       |    25 |       |       |       ||    25
         Leather armour    |     9 |       |       |    68 ||    77
         Scale mail        |     7 |       |   327 |     5 ||   339
         Chain mail        |     3 |    62 |    67 |       ||   132
  Dodge: Dodged            |    53 |    29 |   270 |    56 ||   408
   Form: Flux              |       |       |     1 |       ||     1

Table legend: (Time is in decaauts)
 A = Elapsed time spent in this place.
 B = Non-inter-level travel time spent in this place.
 C = Inter-level travel time spent in this place.
 D = Time resting spent in this place.
 E = Time spent auto-exploring this place.
 F = Levels seen in this place.
 G = Mean time per level.
                   A        B        C        D        E       F      G
               +--------+--------+--------+--------+--------+-----+--------+
         Total |   8592 |   8019 |    573 |    882 |   4267 |  12 |  716.0 |
       Dungeon |   7662 |   7089 |    573 |    793 |   4212 |  10 |  766.2 |
        Temple |      1 |      1 |      0 |      0 |      0 |   1 |    1.0 |
        Bailey |    928 |    928 |      0 |     88 |     55 |   1 |  928.0 |
               +--------+--------+--------+--------+--------+-----+--------+

Top non-repeatable levels by time:
     D:4: 1406 daAuts
     D:1: 1272 daAuts
  Bailey: 928 daAuts
     D:9: 864 daAuts
     D:7: 762 daAuts
     D:3: 746 daAuts
     D:8: 664 daAuts
     D:5: 652 daAuts
     D:6: 614 daAuts
     D:2: 582 daAuts
    D:10: 96 daAuts
  Temple: 1 daAuts
